 Dungeon Crawl Stone Soup version 0.20.0-10-g0535bb4 (webtiles) character file.

3319 xgamer67 the Archer (level 9, 0/168 HPs)
             Began as a Centaur Arcane Marksman on June 7, 2017.
             Was a Follower of Okawaru.
             Succumbed to a hornet's poison
             ... on level 10 of the Dungeon.
             The game lasted 00:42:19 (9633 turns).

xgamer67 the Archer (Centaur Arcane Marksman)       Turns: 9633, Time: 00:42:20

Health: 0/168      AC: 24    Str: 19    XL:     9   Next: 71%
Magic:  10/10      EV:  1    Int: 18    God:    Okawaru [*.....]
Gold:   387        SH:  0    Dex:  9    Spells: 3/10 levels left

rFire    . . .     SeeInvis .   b - +1 spear (venom)
rCold    . . .     Gourm    .   (no shield)
rNeg     + + +     Faith    .   (armour currently unavailable)
rPois    +         Spirit   .   (helmet currently unavailable)
rElec    .         Reflect  .   (cloak currently unavailable)
rCorr    .         Harm     .   (gloves currently unavailable)
MR       .....     NoTele   +   (no barding)
Stlth    ..........             c - amulet of rage
Regen    0.4/turn               j - +3 ring of intelligence
MPRegen  0.2/turn               o - ring of positive energy

@: berserking (expiring), lethally poisoned (0 -> -1), tree-form, fainting,
slowed, drained
A: no striking features
a: Heroism, Renounce Religion, Evoke Berserk Rage


You were on level 10 of the Dungeon.
You worshipped Okawaru.
Okawaru was aware of your devotion.
You were fainting.
You were a tree.
You visited 2 branches of the dungeon, and saw 10 of its levels.

You collected 387 gold pieces.

Inventory:

Hand Weapons
 a - a +0 shortbow
 b - a +1 spear of venom (weapon)
 p - a +0 trident
 v - a +0 blowgun
 x - a +0 blowgun
 B - the +5 falchion of Precise Incision {freeze, rN+, unknown}
   (You took it off an orc on level 4 of the Dungeon)

   It has been specially enchanted to freeze those struck by it, causing extra
   injury to most foes and up to half again as much damage against particularly
   susceptible opponents.
   It can also slow down cold-blooded creatures.
   It protects you from negative energy.
 D - a +2 dagger of draining
Missiles
 d - 121 arrows
 K - 4 curare-tipped needles
Armour
 r - a +0 pair of gloves (melded)
 t - a +2 animal skin (melded)
 u - a +0 helmet (melded)
Jewellery
 c - an amulet of rage (around neck)
 j - a +3 ring of intelligence (left branch)
 l - an uncursed ring of fire
 n - an uncursed ring of magical power
 o - a ring of positive energy (right branch)
 A - an uncursed amulet of harm
Wands
 i - a wand of disintegration (13/24)
 q - a wand of polymorph (5/24)
 G - a wand of enslavement (10/24)
Scrolls
 e - a scroll of teleportation
 h - a scroll of magic mapping
 w - 2 scrolls of enchant weapon
 y - a scroll of remove curse
 I - a scroll of fear {unknown}
Potions
 k - 8 potions of curing
 m - a potion of brilliance
 z - a potion of agility {unknown}
 C - 2 potions of cancellation
 E - 2 potions of lignification
Comestibles
 f - 3 bread rations
 g - 4 meat rations
 F - 3 chunks of flesh
 J - 4 fruits


   Skills:
 - Level 6.0(5.9) Fighting
 + Level 4.8(4.7) Polearms
 + Level 12.6(12.5) Bows
 - Level 2.0(1.9) Dodging
 - Level 1.0(0.9) Spellcasting
 - Level 4.0(3.9) Hexes
 - Level 2.0(1.9) Translocations
 - Level 2.0(1.9) Fire Magic


You had 3 spell levels left.
You knew the following spells:

 Your Spells              Type           Power        Failure   Level  Hunger
a - Portal Projectile     Hex/Tloc       ##....       19%         3    ####...
d - Inner Flame           Hex/Fire       ##......     19%         3    ####...
A - Corona                Hex            ###....      4%          1    ##.....


Dungeon Overview and Level Annotations

Branches:
Dungeon (8/15)             Temple (1/1) D:7
   Lair: D:8-11

Altars:
Elyvilon
Makhleb
Okawaru
Qazlal
Yredelemnul

Annotations:
D:6 Dowan, Duvessa, Grinder


Innate Abilities, Weirdness & Mutations

((You have hooves in place of feet.))
((Armour fits poorly on your strangely shaped body.))
((You cover ground very quickly.))
((You have extremely tough skin. (AC +3)))


Message History

* * * LOW HITPOINT WARNING * * *
The hungry ghost hits you.
You are fainting from starvation!
The hornet stings you but does no damage.
The wight barely misses you.
You hit the wight.
You destroy the wight!
Okawaru accepts your kill.
* * * LOW HITPOINT WARNING * * *
You feel sick. The hungry ghost hits you.
You feel slightly more hungry.
The hornet stings you but does no damage.
You miss the hornet.
The hornet is almost dead.
The hornet stings you but does no damage.
The hungry ghost hits you.
* * * LOW HITPOINT WARNING * * *
You feel slightly more hungry.
You miss the hornet.
The hornet is almost dead.
You die...

#.# #.#.# #.#.# #.#.# ##
#z#.# ..# #.#.# ...#
#.#.# ####....#
#.#.############Wy'....#
+.....z........)♣##....#
#.#.############## ...#
#.#.# ..# #.#.# .# #.#.#
# #.#.# #.#.# #.#.#


You could see a hungry ghost and a hornet.

Vanquished Creatures
  A two-headed ogre (D:8)
  Eustachio (D:4)
  Menkaure (D:4)
  2 sky beasts (D:5)
  A black bear (D:10)
  3 phantoms
  3 ogres
  3 bullfrogs
  Blork the orc (D:5)
  A big kobold (D:7)
  A scorpion (D:5)
  A wight (D:10)
  A howler monkey (D:4)
  2 crimson imps
  3 hounds
  A jelly (D:5)
  6 orc priests
  2 bullfrog skeletons
  2 iguanas
  9 orc wizards
  6 worker ants
  Terence (D:2)
  A hound skeleton (D:4)
  A hound zombie (D:7)
  A worker ant zombie (D:3)
  Robin (D:2)
  4 gnolls (D:4)
  6 adders
  2 oozes
  3 worms
  3 dart slugs
  5 leopard geckos
  25 orcs
  6 bats
  2 giant cockroaches
  28 goblins
  11 hobgoblins
  4 jackals
  3 quokkas
  2 ball pythons (D:3)
  3 frilled lizards
  A jackal zombie (D:5)
  15 kobolds
  A leopard gecko skeleton (D:4)
  3 rats
183 creatures vanquished.

Notes
Turn   | Place    | Note
-------+----------+-------------------------------------------
     0 | D:1      | xgamer67 the Centaur Arcane Marksman began the quest for the Orb.
     0 | D:1      | Reached XP level 1. HP: 16/16 MP: 2/2
   284 | D:1      | Reached skill level 3 in Bows
   344 | D:1      | Reached XP level 2. HP: 10/23 MP: 3/3
   822 | D:1      | Reached skill level 4 in Bows
  1390 | D:1      | Reached XP level 3. HP: 25/28 MP: 4/4
  1593 | D:2      | Learned a level 3 spell: Inner Flame
  1600 | D:2      | Noticed Robin
  1604 | D:2      | Reached skill level 5 in Bows
  1775 | D:2      | Noticed Terence
  2169 | D:3      | Noticed an ogre
  2318 | D:2      | Reached XP level 4. HP: 29/35 MP: 5/5
  2687 | D:2      | Killed Robin
  2687 | D:2      | Reached skill level 6 in Bows
  2761 | D:2      | Killed Terence
  3245 | D:3      | Killed an ogre
  3245 | D:3      | Reached skill level 7 in Bows
  3245 | D:3      | Reached XP level 5. HP: 40/40 MP: 6/6
  3340 | D:3      | Reached skill level 8 in Bows
  3562 | D:4      | Noticed a phantom
  3672 | D:4      | Reached XP level 6. HP: 32/47 MP: 7/7
  3677 | D:4      | Learned a level 3 spell: Portal Projectile
  3711 | D:4      | Reached skill level 1 in Fire Magic
  3739 | D:4      | Noticed Menkaure
  3758 | D:5      | Entered Level 5 of the Dungeon
  3765 | D:5      | Noticed a sky beast
  3882 | D:4      | Got a fine falchion {freeze}
  4072 | D:4      | Noticed Eustachio
  4104 | D:5      | Noticed Blork the orc
  4256 | D:6      | Reached skill level 1 in Translocations
  4589 | D:6      | Reached XP level 7. HP: 48/52 MP: 8/8
  5721 | D:6      | Noticed Grinder
  6451 | D:5      | Reached skill level 9 in Bows
  6459 | D:5      | Reached XP level 8. HP: 39/66 MP: 9/9
  6709 | D:5      | Killed Blork the orc
  7311 | D:5      | Reached skill level 5 in Fighting
  7311 | D:5      | Reached skill level 10 in Bows
  7658 | D:6      | Noticed Duvessa
  7658 | D:6      | Noticed Dowan
  7960 | D:4      | Killed Eustachio
  8132 | D:4      | Killed Menkaure
  8469 | D:7      | Reached skill level 1 in Polearms
  8469 | D:7      | Reached skill level 11 in Bows
  8496 | D:7      | Reached XP level 9. HP: 63/75 MP: 10/10
  8776 | D:7      | Found a staircase to the Ecumenical Temple.
  8852 | Temple   | Entered the Ecumenical Temple
  8858 | Temple   | Became a worshipper of Warmaster Okawaru
  9187 | D:8      | Noticed a two-headed ogre
  9239 | D:8      | Killed a two-headed ogre
  9239 | D:8      | Reached * piety under Okawaru
  9239 | D:8      | Reached skill level 12 in Bows
  9378 | D:8      | You fall through a shaft for 2 floors!
  9378 | D:10     | Entered Level 10 of the Dungeon
  9622 | D:10     | Paralysed by a hornet for 3 turns
  9629 | D:10     | HP: 3/168 [hornet (7)]
  9631 | D:10     | HP: 1/168 [poisoned by a hornet]
  9633 | D:10     | Succumbed to a hornet's poison

Skill      XL: |  1  2  3  4  5  6  7  8  9 |
---------------+----------------------------+-----
Bows           | 3 4 5 7 8 9 11 12 | 12.6
Hexes          | 3 4 |  4.0
Fire Magic     | 2 |  2.0
Translocations | 1 2 |  2.0
Dodging        | 2 |  2.0
Fighting       | 3 6 |  6.0
Polearms       | 1 4 |  4.8
Spellcasting   | |  1.0

Action                   |  1- 3 |  4- 6 |  7- 9 || total
-------------------------+-------+-------+-------++-------
Melee: Unarmed           |    64 |       |     2 ||    66
       Kick              |    22 |    33 |    42 ||    97
       Dagger            |    97 |   143 |       ||   240
       Short sword       |     5 |       |       ||     5
       Spear             |       |    11 |   412 ||   423
 Fire: Shortbow          |     9 |    83 |   168 ||   260
Evoke: Wand              |       |       |     1 ||     1
  Use: Scroll            |       |     4 |     8 ||    12
       Potion            |       |       |     3 ||     3
  Eat: Chunk             |     4 |     5 |    10 ||    19
       Bread ration      |       |       |     1 ||     1
Armor: Robe              |    29 |       |       ||    29
       Leather armour    |    25 |     3 |       ||    28
       Animal skin       |       |    57 |   163 ||   220
       Skin              |       |       |    15 ||    15
Dodge: Dodged            |    67 |    45 |   181 ||   293
